 Dungeon Crawl Stone Soup version 0.30-a0-341-g682706514a (webtiles) character file.

Game seed: 13155265033548128308

135 pascalblue the Magician (level 4, -1/21 (24) HPs)
             Began as a Deep Elf Earth Elementalist on Nov 4, 2022.
             Was a Priest of Kikubaaqudgha.
             Slain by Insertrandomname's ghost (5 damage)
             ... on level 3 of the Dungeon.
             The game lasted 00:12:21 (3098 turns).

pascalblue the Magician (DEEE)                      Turns: 3098, Time: 00:12:22

HP:   -1/21 (24)    AC:  3    Str:  5    XL:     4   Next: 97%
MP:   5/12          EV: 12    Int: 22    God:    Kikubaaqudgha [***...]
Gold: 175           SH:  0    Dex: 15    Spells: 2/12 levels left

rFire   . . .      SeeInvis +    x - staff of earth
rCold   . . .      Faith    .    (no shield)
rNeg    . . .      Spirit   .    a - +0 robe
rPois   +          Reflect  .    o - +0 helmet
rElec   .          Harm     .    (no cloak)
rCorr   .          Rampage  .    (no gloves)
Will    .....                    (no boots)
Stlth   ++........               (no amulet)
HPRegen 0.23/turn                m - ring of see invisible
MPRegen 0.13/turn                z - ring of poison resistance

@: heavily drained
A: no striking features
a: Renounce Religion, Unearth Wretches


You were on level 3 of the Dungeon.
You worshipped Kikubaaqudgha.
Kikubaaqudgha was most pleased with you.
You visited 1 branch of the dungeon, and saw 3 of its levels.

You collected 175 gold pieces.

Inventory:

Hand Weapons
 g - a +0 dagger
 i - a +2 lajatang of venom
 w - a +0 whip of distortion
Missiles
 s - 17 stones
Armour
 a - a +0 robe (worn)
 o - a +0 helmet (worn)
Magical Staves
 x - a staff of earth (weapon)
Jewellery
 m - a ring of see invisible (left hand)
 y - an amulet of guardian spirit
 z - a ring of poison resistance (right hand)
Scrolls
 c - 2 scrolls of vulnerability {unknown}
 f - 5 scrolls of identify {unknown}
 k - a scroll of teleportation {unknown}
 l - a scroll of acquirement {unknown}
 n - a scroll of poison {unknown}
 t - a scroll of enchant weapon {unknown}
 v - a scroll of immolation {unknown}
Potions
 b - a potion of magic
 d - a potion of flight {unknown}
 e - a potion of mutation {unknown}
 h - a potion of brilliance {unknown}
 j - a potion of heal wounds {unknown}
 p - 2 potions of invisibility {unknown}
 q - 2 potions of curing {unknown}
 r - a potion of haste {unknown}
 u - a potion of might {unknown}


   Skills:
 - Level 2.4 Dodging
 - Level 2.4 Stealth
 * Level 4.6 Spellcasting
 + Level 0.5 Conjurations
 + Level 1.0 Necromancy
 + Level 0.7 Translocations
 + Level 2.2 Transmutations
 + Level 0.8 Fire Magic
 * Level 4.5 Earth Magic


You had 2 spell levels left.
You knew the following spells:

 Your Spells              Type           Power      Damage    Failure   Level
a - Sandblast             Erth           74%        2d16      1%          1
b - Kiss of Death         Conj/Necr      32%        2d7       8%          1
c - Necrotise             Necr           36%        1d5       7%          1
d - Scorch                Fire           16%        2d6       11%         2
e - Teleport Other        Tloc           8%         N/A       22%         3
f - Cigotuvi's Dreadful   Necr/Pois/Air  12%        N/A       14%         2

Your spell library contained the following spells:

 Spells                   Type           Power      Damage    Failure   Level
 Beastly Appendage        Tmut           30%        N/A       4%          1
 Passwall                 Tmut/Erth      24%        N/A       4%          2
 Wereblood                Tmut           15%        N/A       6%          2
 Foxfire                  Conj/Fire      32%        2x1d5     8%          1
 Stone Arrow              Conj/Erth      48%        3d10      11%         3
 Spider Form              Tmut/Pois      10%        N/A       21%         3
 Gell's Gravitas          Tloc           8%         N/A       22%         3
 Petrify                  Tmut/Erth      29%        N/A       26%         4
 Animate Dead             Necr           9%         N/A       56%         4
 Dispel Undead            Necr           9%         3d8       56%         4
 Flame Wave               Conj/Fire      8%         2d5       61%         4
 Borgnjor's Vile Clutch   Necr/Erth      12%        N/A       67%         5
 Agony                    Necr           9%         N/A       89%         5
 Fireball                 Conj/Fire      4%         3d4       91%         5
 Death Channel            Necr           4%         N/A       100%        6
 Dispersal                Tloc           4%         N/A       100%        6
 Simulacrum               Ice/Necr       3%         N/A       100%        6
 Starburst                Conj/Fire      4%         6d3       100%        6
 Summon Cactus Giant      Summ           2%         N/A       100%        6


Dungeon Overview and Level Annotations

Branches:
Dungeon (3/15)

Altars:
Kikubaaqudgha

Shops:
D:2 (

Annotations:
D:3 Insertrandomname's ghost, amateur DsAE


Message History

Aiming: Sandblast (safe; 1% risk of failure)
Press: ? - help, Shift-Dir - straight line, f/p - Insertrandomname's ghost
Aim: Insertrandomname's ghost, wielding a weapon of venom (heavily damaged, 86% to hit)
You feel a surge of power!
The blast of sand hits Insertrandomname's ghost but does no damage.
Insertrandomname's ghost is heavily damaged.
Insertrandomname's ghost says very slowly, "There's no hope."
Insertrandomname's ghost hits you.
Casting: Sandblast (safe; 1% risk of failure)
Confirm with . or Enter, or press ? or * to list all spells.
Aiming: Sandblast (safe; 1% risk of failure)
Press: ? - help, Shift-Dir - straight line, f/p - Insertrandomname's ghost
Aim: Insertrandomname's ghost, wielding a weapon of venom (heavily damaged, 86% to hit)
You feel a surge of power!
The blast of sand misses Insertrandomname's ghost.
Insertrandomname's ghost completely misses you.
Insertrandomname's ghost hits you.
* * * LOW HITPOINT WARNING * * *
Casting: Sandblast (safe; 1% risk of failure)
Confirm with . or Enter, or press ? or * to list all spells.
Aiming: Sandblast (safe; 1% risk of failure)
Press: ? - help, Shift-Dir - straight line, f/p - Insertrandomname's ghost
Aim: Insertrandomname's ghost, wielding a weapon of venom (heavily damaged, 86% to hit)
You feel a surge of power!
The blast of sand hits Insertrandomname's ghost but does no damage.
Insertrandomname's ghost is heavily damaged.
Insertrandomname's ghost hits you.
* * * LOW HITPOINT WARNING * * *
Okay, then.
Casting: Sandblast (safe; 1% risk of failure)
Confirm with . or Enter, or press ? or * to list all spells.
Aiming: Sandblast (safe; 1% risk of failure)
Press: ? - help, Shift-Dir - straight line, f/p - Insertrandomname's ghost
Aim: Insertrandomname's ghost, wielding a weapon of venom (heavily damaged, 86% to hit)
You feel a surge of power!
The blast of sand hits Insertrandomname's ghost!
Insertrandomname's ghost is severely damaged.
Insertrandomname's ghost hits you.
You die...
Kikubaaqudgha rasps: "You have failed me!
Welcome... death!"

..........
#....#####
#.#.......
#.........
#.#.......
##'#######
#.#....... ### ##
#.#.#....
#.#........###.. .#
#####'#.#.###
#.#............##.#
#.........##.
..+....... .......#
#.......#####
..#.....########.#
#.......'.... ..#
~[~~~~W@#
#.......##### ..#
#######.# #.......#
..# #.......#
#.......# .##
#......## #.......#
.###### #......#
#.......# ......#
#......## #.......#
# ......# ######..#
##.......### #
......# ##.#
#..........# #
......# #.#
#..........###


You could see Insertrandomname's ghost.

Vanquished Creatures
  6 adders
  3 worms
  2 dart slugs
  7 ball pythons
  9 endoplasms
  5 giant cockroaches
  9 hobgoblins
  A jackal (D:2)
  A quokka (D:1)
  4 bats
  3 frilled lizards
  7 goblins
  5 kobolds
  3 rats
65 creatures vanquished.

Notes
Turn   | Place    | Note
-------+----------+-------------------------------------------
     0 | D:1      | pascalblue the Deep Elf Earth Elementalist began the quest
                  | for the Orb.
     0 | D:1      | Reached XP level 1. HP: 10/10 MP: 6/6
    33 | D:1      | Found a faded altar of an unknown god.
   485 | D:1      | Prayed at the altar of an unknown god.
   485 | D:1      | Became a worshipper of Kikubaaqudgha
   485 | D:1      | Reached * piety under Kikubaaqudgha
   485 | D:1      | Received a gift from Kikubaaqudgha
   489 | D:1      | Learned a level 1 spell: Kiss of Death
   491 | D:1      | Learned a level 1 spell: Necrotise
   546 | D:1      | Reached XP level 2. HP: 12/12 MP: 2/8
  1179 | D:1      | Reached XP level 3. HP: 5/5 MP: 8/10
  1408 | D:1      | Reached ** piety under Kikubaaqudgha
  1809 | D:2      | Learned a level 2 spell: Scorch
  1813 | D:2      | Learned a level 3 spell: Teleport Other
  1873 | D:2      | Reached XP level 4. HP: 13/13 MP: 8/12
  1961 | D:2      | Found Viaciti's Antique Weapon Boutique.
  2859 | D:3      | Reached *** piety under Kikubaaqudgha
  2859 | D:3      | Received a gift from Kikubaaqudgha
  2988 | D:3      | Learned a level 2 spell: Cigotuvi's Dreadful Rot
  3075 | D:3      | Found a runed translucent door.
  3088 | D:3      | Noticed Insertrandomname's ghost (amateur DsAE)
  3094 | D:3      | Reached skill level 1 in Necromancy
  3098 | D:3      | Slain by Insertrandomname's ghost

Illustrated notes

Levels and vault maps discovered:
D:1:      elethiomel_arrival_quiet, layout_basic, ebering_ecumenical_altar_box,
          nicolae_titane
D:2:      layout_loops_ring, serial_shops, shop_statue, minmay_misc_feat_plants,
          minmay_split_cup_large
D:3:      layout_basic, ebering_ghost_sewer_d

Skill      XL: |  1  2  3  4 |
---------------+-------------+-----
Earth Magic    | 4 |  4.5
Spellcasting   | 4 |  4.6
Transmutations | 2 |  2.2
Necromancy     | 1 |  1.0
Dodging        | |  2.4
Stealth        | |  2.4
Conjurations   | |  0.5
Translocations | |  0.7
Fire Magic     | |  0.8

Action                   |  1- 3 |  4- 6 || total
-------------------------+-------+-------++-------
Melee: Unarmed           |     2 |       ||     2
 Cast: Sandblast         |    47 |    29 ||    76
       Necrotise         |     9 |       ||     9
       Kiss of Death     |     6 |       ||     6
Armor: Robe              |     7 |     4 ||    11
Dodge: Dodged            |    27 |     4 ||    31

Table legend: (Time is in decaauts)
 A = Elapsed time spent in this place.
 B = Non-inter-level travel time spent in this place.
 C = Inter-level travel time spent in this place.
 D = Time resting spent in this place.
 E = Time spent auto-exploring this place.
 F = Levels seen in this place.
 G = Mean time per level.
                   A        B        C        D        E       F      G
               +--------+--------+--------+--------+--------+-----+--------+
         Total |   3132 |   3072 |     60 |    417 |   2165 |   3 | 1044.0 |
       Dungeon |   3132 |   3072 |     60 |    417 |   2165 |   3 | 1044.0 |
               +--------+--------+--------+--------+--------+-----+--------+

Top non-repeatable levels by time:
     D:1: 1629 daAuts
     D:2: 960 daAuts
     D:3: 542 daAuts
